 Dungeon Crawl Stone Soup version 0.30.1-9-gdf580d7c3d (webtiles) character file.

Game seed: 11323513859715868541

42 boopmooplesden the Covered (level 3, -7/33 HPs)
             Began as a Minotaur Fighter on Sept 25, 2023.
             Mangled by Sigmund
             ... wielding a +0 scythe
              (8 damage)
             ... on level 2 of the Dungeon.
             The game lasted 00:01:15 (684 turns).

boopmooplesden the Covered (Minotaur Fighter)        Turns: 684, Time: 00:01:16

Health: -7/33      AC:  7    Str: 22    XL:     3   Next: 33%
Magic:  2/2        EV:  9    Int:  5    God:
Gold:   76         SH:  4    Dex:  9    Spells: 2/2 levels left

rFire   . . .        a - +0 war axe
rCold   . . .        c - +0 buckler
rNeg    . . .        b - +0 scale mail
rPois   .            (helmet restricted)
rElec   .            (no cloak)
rCorr   .            (no gloves)
SInv    .            (no boots)
Will    .....        (no amulet) Stlth
                     (no ring)
HPRegen 0.25/turn    (no ring)
MPRegen 0.08/turn

%: no passive effects
@: mighty
A: horns 2, retaliatory headbutt
a: no special abilities


You were on level 2 of the Dungeon.
You visited 1 branch of the dungeon, and saw 2 of its levels.

You collected 76 gold pieces.

Inventory:

Hand Weapons
 a - a +0 war axe (weapon)
Armour
 b - a +0 scale mail (worn)
 c - a +0 buckler (worn)
Jewellery
 f - a ring of see invisible
Scrolls
 e - a scroll of identify {unknown}
 i - a scroll of fog {unknown}
Potions
 h - a potion of curing {unknown}


   Skills:
 + Level 4.0 Fighting
 + Level 3.0 Axes
 + Level 4.7 Armour
 + Level 0.2 Dodging
 + Level 3.7 Shields


You had 2 spell levels left.
You didn't know any spells.
Your spell library was empty.

Dungeon Overview and Level Annotations

Branches:
Dungeon (2/15)

Altars:

Annotations:
D:2 Robin, Sigmund


Innate Abilities, Weirdness & Mutations

You have a pair of horns on your head.
You reflexively headbutt those who attack you in melee.


Message History

The goblin closely misses you. The goblin barely misses you.
The goblin hits you but does no damage.
Sigmund mumbles some strange words.
Sigmund flickers and vanishes!
Deactivating autopickup; reactivate with Ctrl-A.
You feel very mighty all of a sudden.
The hobgoblin hits you but does no damage. x2
The goblin misses you. The goblin hits you but does no damage.
The goblin hits you with a +0 dagger.
You hear some strange, mumbled words.
Something tries to affect you, but you resist.
Unknown command.
You bump into the rock wall.
The hobgoblin hits you.
* * * LOW HITPOINT WARNING * * *
The goblin misses you. The hobgoblin closely misses you.
The goblin hits you but does no damage. The goblin barely misses you.
Robin says, "Kneel, worm!"
Something hits you but does no damage.
You're too confused to move!
The hobgoblin closely misses you. The hobgoblin hits you.
* * * LOW HITPOINT WARNING * * *
The goblin hits you with a +0 dagger.
* * * LOW HITPOINT WARNING * * *
The goblin closely misses you. The goblin barely misses you.
You slash the hobgoblin!
You kill the hobgoblin!
You slash the hobgoblin!
You kill the hobgoblin!
You miss something. You slash the goblin!
You kill the goblin!
You slash the goblin!
You kill the goblin!
You closely miss the goblin.
You feel less confused. You block the goblin's attack. Something hits you!
* * * LOW HITPOINT WARNING * * *
Your Axes skill increases to level 3!
Unknown command.
The goblin hits you but does no damage. Something hits you!
You die...

#? #.# . #.#####
..### #.#.!.
>...##.'gg
#.....#g
###..wg######
+....gg@....#
#####.#{##.....
#.#.# ... #.#..
. ######'####
#.......#
########.......#
...............#
........#####+##


You could see a worm and 3 goblins.

Vanquished Creatures
  3 dart slugs (D:1)
  A bat (D:1)
  5 endoplasms
  A giant cockroach (D:1)
  6 hobgoblins
  3 kobolds (D:1)
  A quokka (D:1)
  3 ball pythons
  3 frilled lizards (D:1)
  4 goblins
  A rat (D:1)
31 creatures vanquished.

Notes
Turn   | Place    | Note
-------+----------+-------------------------------------------
     0 | D:1      | boopmooplesden the Minotaur Fighter began the quest for the
                  | Orb.
     0 | D:1      | Reached XP level 1. HP: 19/19 MP: 0/0
    57 | D:1      | Reached XP level 2. HP: 27/27 MP: 1/1
   379 | D:1      | Reached XP level 3. HP: 33/33 MP: 2/2
   672 | D:2      | Noticed Sigmund
   673 | D:2      | Noticed Robin
   683 | D:2      | HP: 1/33 [something (7)]
   684 | D:2      | Mangled by Sigmund

Illustrated notes

Levels and vault maps discovered:
D:1:      lightli_arrival_maybe_door_vault, layout_basic
D:2:      wad_pebble_path, layout_basic, serial_glass, glass_columns_a,
          glass_columns_a, kennysheep_decorative_pillar, uniq_robin,
          uniq_sigmund

Skill      XL: |  1  2  3 |
---------------+----------+-----
Armour         | 4 |  4.7
Fighting       | 4 |  4.0
Axes           | 3 |  3.0
Dodging        | |  0.2
Shields        | |  3.7

Action                     || total
---------------------------++-------
  Melee: War axe           ||    50
         Headbutt          ||     3
    Use: Potion            ||     2
 Armour: Scale mail        ||    44
  Dodge: Dodged            ||    34
  Block: Buckler           ||    11
